 Dungeon Crawl Stone Soup version 0.23.2-33-g5129a83184 (webtiles) character file.

Game seed: 3115506854111643951

3399 DorianNounverber the Geomancer (level 10, -3/56 HPs)
             Began as a Gargoyle Earth Elementalist on July 13, 2019.
             Was a Believer of Vehumet.
             Slain by Destapler's ghost (16 damage)
             ... on level 8 of the Dungeon.
             The game lasted 00:28:15 (8956 turns).

DorianNounverber the Geomancer (GrEE)               Turns: 8956, Time: 00:28:16

Health: -3/56      AC: 23    Str: 12    XL:     10   Next: 4%
Magic:  10/28      EV: 12    Int: 23    God:    Vehumet [**....]
Gold:   432        SH:  0    Dex: 24    Spells: 8/21 levels left

rFire    + . .     SeeInvis .   J - +2 dagger of Nydasomu {speed, Int+4 Dex+6}
rCold    . . .     Gourm    .   (no shield)
rNeg     + . .     Faith    .   A - +6 scale mail "Ogrudes" {MR- Regen+ MP+9 Dex+8}
rPois    ∞         Spirit   .   Q - +0 hat
rElec    +         Reflect  .   k - +0 cloak
rCorr    .         Harm     .   I - +0 pair of gloves
MR       .....                  e - +0 pair of boots
Stlth    +.........             (no amulet)
HPRegen  0.58/turn              L - ring of protection from fire
MPRegen  0.21/turn              (no ring)

@: very slightly contaminated, slowed, very slow
A: negative energy resistance 1, electricity resistance, unbreathing,
petrification resistance, rot immunity, AC +7
a: Renounce Religion


You were on level 8 of the Dungeon.
You worshipped Vehumet.
Vehumet was pleased with you.
You were not hungry.

You visited 2 branches of the dungeon, and saw 9 of its levels.

You collected 432 gold pieces.

Inventory:

Hand Weapons
 f - a +0 quarterstaff
 h - a +1 mace
 J - the +2 dagger of Nydasomu (weapon) {speed, Int+4 Dex+6}
   (You found it on level 6 of the Dungeon)

   Attacks with this weapon are significantly faster.
   It affects your intelligence (+4).
   It affects your dexterity (+6).
 P - a +2 flail of protection
Missiles
 b - 152 stones (quivered)
 t - 5 poisoned javelins
Armour
 c - a +1 robe
 e - a +0 pair of boots (worn)
 k - a +0 cloak (worn)
 A - the +6 scale mail "Ogrudes" (worn) {MR- Regen+ MP+9 Dex+8}
   (You found it on level 4 of the Dungeon)

   It affects your dexterity (+8).
   It affects your resistance to hostile enchantments.
   It affects your magic capacity (+9).
   It increases your rate of regeneration.
 I - a +0 pair of gloves (worn)
 Q - a +0 hat (worn)
Jewellery
 L - a ring of protection from fire (left hand)
Wands
 p - a wand of iceblast (5)
 x - a wand of enslavement (10)
 F - a wand of acid (8)
 H - a wand of digging (7)
 M - a wand of paralysis (12)
Scrolls
 j - 7 scrolls of identify
 n - a scroll of magic mapping
 s - 2 scrolls of fog
 u - 2 scrolls of remove curse
 v - a scroll of enchant armour
 y - 7 scrolls of teleportation
 z - a scroll of blinking {unknown}
 B - 4 scrolls of amnesia
 C - 2 scrolls of random uselessness {unknown}
 K - a scroll of enchant weapon
 N - a scroll of immolation
Potions
 a - a potion of invisibility {unknown}
 g - 4 potions of magic
 i - 2 potions of mutation {unknown}
 l - 2 potions of might {unknown}
 m - 5 potions of curing {unknown}
 o - 3 potions of brilliance {unknown}
 q - a potion of lignification {unknown}
 r - 2 potions of resistance {unknown}
 w - a potion of flight {unknown}
 D - 2 potions of haste {unknown}
 E - a potion of agility {unknown}
 G - 4 potions of heal wounds {unknown}
 O - a potion of degeneration {unknown}
Comestibles
 d - 13 rations


   Skills:
 + Level 4.1 Fighting
 + Level 3.8 Staves
 + Level 4.0 Armour
 + Level 4.1 Dodging
 - Level 2.1 Stealth
 * Level 6.4 Spellcasting
 + Level 4.3 Conjurations
 - Level 0.7 Transmutations
 * Level 8.8 Earth Magic
 + Level 3.3 Evocations


You had 8 spell levels left.
You knew the following spells:

 Your Spells              Type           Power        Failure   Level  Hunger
a - Sandblast             Erth           #####.       1%          1    None
b - Stone Arrow           Conj/Erth      #####.       8%          3    #......
c - Petrify               Tmut/Erth      ####....     47%         4    ###....
d - Lee's Rapid Deconstr  Erth           #####.....   28%         5    #####..

Your spell library contained the following spells:

 Spells                   Type           Power        Failure   Level  Hunger
 Freeze                   Ice            #...         36%         1    None
 Passwall                 Tmut/Erth      ####....     9%          2    None
 Poison Arrow             Conj/Pois      ###.......   100%        6    ######.
 Chain Lightning          Conj/Air       ###.......   100%        8    #######
 Lehudib's Crystal Spear  Conj/Erth      #####.....   100%        8    #######
 Fire Storm               Conj/Fire      ###.......   100%        9    #######
 Glaciate                 Conj/Ice       ###.......   100%        9    #######


Dungeon Overview and Level Annotations

Branches:
Dungeon (8/15)             Temple (1/1) D:4
   Lair: D:8-11

Altars:
Cheibriados
Dithmenos
Elyvilon
Hepliaklqana
Kikubaaqudgha
Makhleb
Okawaru
Ru
Trog
Vehumet
Wu Jian
Xom
Yredelemnul
Zin
The Shining One

Shops:
D:4 *   D:6 :   D:8 (

Annotations:
D:8 Destapler's ghost, novice TrFi


Innate Abilities, Weirdness & Mutations

You are resistant to torment.
Your stone body is resilient. (AC +7)
You are immune to poison.
You resist negative energy. (rN+)
You are resistant to electric shocks. (rElec)
You can survive without breathing.
You are immune to petrification.
You are immune to rotting.


Message History

Okay, then.
Your scale mail "Ogrudes" prevents you from hitting the wraith.
The wraith is severely damaged.
The wraith barely misses you. The wraith hits you but does no damage.
You hit the wraith.
The wraith is almost destroyed.
The wraith hits you! The wraith drains your vigour!
You feel as though you will be slow longer.
The wraith hits you but does no damage. The wraith hits you but does no damage.
The wraith barely misses you.
Destapler's ghost whispers, "The ORB doesn't exist."
The wraith hits you but does no damage. The wraith barely misses you. x2
Destapler's ghost closely misses you. The wraith closely misses you.
Destapler's ghost hits you!
* * * LOW HITPOINT WARNING * * *
There is a stone staircase leading up here.
The wraith barely misses you. Destapler's ghost hits you!
You die...

#.....# #....#####.##..######.
#.....# #....##....##..(......
#.....# #....##.#..##...#####.
#.....########.##.#..##....# #.
##.....#...)))..##.#.###..#.####.
..........######.#.#.............
..........######.#.#...#.###.###.
..........#..............# #.###.
..........#...WW@#.......# #..##.
..........#....W#######+#####.##.
########'##....W............#).##
#####.##.................)#...
#.....##..................#..#
##.#####.....#...[...####.#..#
#.# #.....#.#####.# #.#... #.#
#.....#'############.#. ####'##
######.......#W#.#.#.#.


You could see 3 wraiths and Destapler's ghost.

Vanquished Creatures
  Prince Ribbit (D:6)
  A hippogriff (D:8)
  A wraith (D:8)
  Menkaure (D:5)
  Duvessa (D:6)
  An ice beast (D:8)
  2 sky beasts (D:8)
  3 ogres
  A crocodile (D:7)
  A big kobold (D:7)
  Blork the orc (D:4)
  5 bullfrogs
  A wyvern skeleton (D:5)
  3 scorpions
  Dowan (D:6)
  5 wights (D:8)
  2 howler monkeys
  4 crimson imps
  A bullfrog zombie (D:5)
  A centaur zombie (D:7)
  A jelly (D:7)
  3 orc priests
  A bullfrog skeleton (D:7)
  A hound (D:4)
  5 orc wizards
  An iguana (D:4)
  5 worker ants
  A hound zombie (D:8)
  A hound skeleton (D:8)
  16 gnolls
  9 adders
  A shadow imp (D:8)
  A worm (D:3)
  3 dart slugs
  3 leopard geckos
  21 orcs
  5 ball pythons
  3 giant cockroaches
  11 goblins
  18 hobgoblins
  12 jackals
  2 quokkas
  3 bats
  4 frilled lizards
  17 kobolds
  4 rats
189 creatures vanquished.

Notes
Turn   | Place    | Note
-------+----------+-------------------------------------------
     0 | D:1      | DorianNounverber the Gargoyle Earth Elementalist began the
                  | quest for the Orb.
     0 | D:1      | Reached XP level 1. HP: 10/10 MP: 3/3
   171 | D:1      | Reached XP level 2. HP: 12/15 MP: 0/5
   333 | D:1      | Reached skill level 4 in Earth Magic
   715 | D:1      | Reached XP level 3. HP: 19/19 MP: 4/6
  1247 | D:2      | Learned a level 3 spell: Stone Arrow
  1381 | D:2      | Found a shimmering altar of Xom.
  1481 | D:2      | Reached XP level 4. HP: 14/24 MP: 4/8
  2278 | D:3      | Reached skill level 5 in Earth Magic
  2278 | D:3      | Reached XP level 5. HP: 17/28 MP: 0/10
  2414 | D:3      | Found an ancient bone altar of Kikubaaqudgha.
  2954 | D:4      | Reached skill level 1 in Conjurations
  3179 | D:4      | Reached XP level 6. HP: 33/33 MP: 8/11
  3542 | D:4      | Reached skill level 1 in Fighting
  3542 | D:4      | Reached skill level 1 in Staves
  3621 | D:4      | Got a distressingly furry scale mail
  3622 | D:4      | Identified the +6 scale mail "Ogrudes" {MR- Regen+ MP+9
                  | Dex+8} (You found it on level 4 of the Dungeon)
  3998 | D:4      | Reached XP level 7. HP: 38/38 MP: 13/13
  4005 | D:4      | Learned a level 4 spell: Petrify
  4011 | D:4      | Learned a level 5 spell: Lee's Rapid Deconstruction
  4047 | D:4      | Reached skill level 6 in Earth Magic
  4047 | D:4      | Reached skill level 1 in Evocations
  4097 | D:4      | Found a staircase to the Ecumenical Temple.
  4107 | Temple   | Entered the Ecumenical Temple
  4134 | Temple   | Became a worshipper of Vehumet
  4287 | D:4      | Noticed Blork the orc
  4296 | D:4      | Killed Blork the orc
  4429 | D:4      | Found Lepuiwna's Assorted Antiques.
  4621 | D:5      | Entered Level 5 of the Dungeon
  4740 | D:5      | Reached skill level 1 in Armour
  4953 | D:5      | Noticed Menkaure
  4961 | D:5      | Killed Menkaure
  4961 | D:5      | Reached XP level 8. HP: 37/44 MP: 14/15
  5589 | D:6      | Found Hitralamu's Book Emporium.
  5596 | D:6      | Got a brightly glowing dagger
  5605 | D:6      | Identified the cursed +2 dagger of Nydasomu {speed, Int+4
                  | Dex+6} (You found it on level 6 of the Dungeon)
  5763 | D:6      | Noticed Prince Ribbit
  5792 | D:6      | Killed Prince Ribbit
  5792 | D:6      | Reached skill level 5 in Spellcasting
  5792 | D:6      | Reached skill level 7 in Earth Magic
  6105 | D:6      | Noticed Duvessa
  6105 | D:6      | Noticed Dowan
  6107 | D:6      | Killed Dowan
  6119 | D:6      | Killed Duvessa
  6421 | D:7      | Reached XP level 9. HP: 50/50 MP: 17/17
  6588 | D:7      | Reached * piety under Vehumet
  6588 | D:7      | Offered knowledge of Sting by Vehumet.
  7709 | D:7      | Reached skill level 8 in Earth Magic
  8098 | D:8      | Reached ** piety under Vehumet
  8098 | D:8      | Offered knowledge of Freeze by Vehumet.
  8219 | D:8      | Found a runed translucent gate.
  8219 | D:8      | Found a runed translucent gate.
  8219 | D:8      | Found a runed translucent gate.
  8224 | D:8      | Noticed Destapler's ghost (novice TrFi)
  8838 | D:8      | Found Ralyirru's Antique Weapon Boutique.
  8944 | D:8      | Reached XP level 10. HP: 48/56 MP: 14/19
  8956 | D:8      | Slain by Destapler's ghost

Skill      XL: |  1  2  3  4  5  6  7  8  9 |
---------------+----------------------------+-----
Earth Magic    | 4 5 6 7 8 |  8.8
Dodging        | 2 3 4 |  4.1
Spellcasting   | 3 4 5 6 |  6.4
Conjurations   | 1 2 3 4 |  4.3
Fighting       | 1 2 3 4 |  4.1
Staves         | 1 2 3 |  3.8
Evocations     | 1 2 3 |  3.3
Armour         | 1 2 4 |  4.0
Stealth        | |  2.1
Transmutations | |  0.7

Action                   |  1- 3 |  4- 6 |  7- 9 | 10-12 || total
-------------------------+-------+-------+-------+-------++-------
Melee: Club              |    34 |       |       |       ||    34
       Unarmed           |     1 |       |       |       ||     1
       Mace              |    28 |     1 |       |       ||    29
       Whip              |    55 |    82 |       |       ||   137
       Quarterstaff      |       |    66 |   154 |       ||   220
       Dagger            |       |       |   263 |     2 ||   265
 Cast: Sandblast         |    19 |    62 |    86 |     4 ||   171
       Stone Arrow       |     3 |     6 |    25 |       ||    34
       Lee's Rapid Decon |       |       |     2 |       ||     2
  Use: Scroll            |     5 |     5 |     2 |       ||    12
 Stab: Sleeping          |       |     2 |     1 |       ||     3
  Eat: Chunk             |     2 |     6 |     7 |       ||    15
       Ration            |       |     1 |     3 |       ||     4
Armor: Robe              |    52 |    56 |       |       ||   108
       Scale mail        |       |    39 |   217 |     7 ||   263
Dodge: Dodged            |   118 |    69 |   222 |    14 ||   423
